[Event "Bundesliga"]
[Site "Berlin/Germany"]
[Date "2010.02.06"]
[Round "8.7"]
[White "Maier"]
[Black "Breier"]
[Result "1/2-1/2"]
[ECO "B30"]
[WhiteElo "2350"]
[BlackElo "2405"]
[Annotator "Robot 4"]
[PlyCount "29"]
[EventDate "2010.??.??"]
[WhiteTeam "HDS"]
[BlackTeam "TEG"]
[TimeControl "40/6000+30:20/3000+30:900+30"]

1. e4 c5 2. Nc3 Nc6 3. Bb5 e6 4. Nf3 Qc7 5. O-O Nge7 6. d4 cxd4 7. Nxd4 Nxd4 8.
Qxd4 Nc6 9. Bxc6 bxc6 10. e5 d5 11. exd6 Bxd6 12. Qh4 f5 13. Qh5+ Qf7 14. Qxf7+
Kxf7 15. Rd1 1/2-1/2

[Event "Bundesliga"]
[Site "Berlin/Germany"]
[Date "2010.02.06"]
[Round "8.6"]
[White "Fruebing"]
[Black "Schwalfenberg"]
[Result "1/2-1/2"]
[ECO "B12"]
[WhiteElo "2337"]
[BlackElo "2317"]
[Annotator "Robot 4"]
[PlyCount "31"]
[EventDate "2010.??.??"]
[WhiteTeam "TEG"]
[BlackTeam "HDS"]
[TimeControl "40/6000+30:20/3000+30:900+30"]

1. e4 c6 2. d4 d5 3. e5 Bf5 4. Nf3 e6 5. a3 Nd7 6. Nbd2 Bg6 7. Be2 Nh6 8. c4
Be7 9. b3 Nf5 10. Bb2 O-O 11. O-O f6 12. exf6 Bxf6 13. Ne5 Nxd4 14. Nxg6 hxg6
15. Bxd4 Bxd4 16. Ra2 1/2-1/2

[Event "Bundesliga"]
[Site "Berlin/Germany"]
[Date "2010.02.06"]
[Round "8.8"]
[White "Kachibadze"]
[Black "Syska"]
[Result "1-0"]
[ECO "B50"]
[WhiteElo "2239"]
[BlackElo "2255"]
[Annotator "Robot 4"]
[PlyCount "76"]
[EventDate "2010.??.??"]
[WhiteTeam "TEG"]
[BlackTeam "HDS"]
[TimeControl "40/6000+30:20/3000+30:900+30"]

1. e4 c5 2. Nf3 d6 3. Bc4 Nf6 4. d3 Nc6 5. c3 e6 6. Bb3 Be7 7. O-O O-O 8. Re1
e5 9. Nbd2 Ne8 10. Nf1 Bf6 11. Be3 Qa5 12. Ng3 g6 13. Bh6 Bg7 14. Bxg7 Nxg7 15.
Qd2 Be6 16. Qh6 f6 17. Nd2 Bxb3 18. Nxb3 Qc7 19. f4 Ne6 20. f5 Nf4 21. d4 b6
22. Ne2 Nxe2+ 23. Rxe2 gxf5 24. exf5 Qg7 25. Qd2 Rad8 26. Re3 Kh8 27. Rg3 Qf7
28. Rd1 a5 29. Qh6 Ne7 30. Rf1 Rg8 31. Rxg8+ Rxg8 32. Nd2 Rg5 33. Ne4 Rxf5 34.
Nxd6 Rxf1+ 35. Kxf1 Qg7 36. Qxg7+ Kxg7 37. dxc5 bxc5 38. Nb7 Nd5 1-0

[Event "Bundesliga"]
[Site "Muenchen/Germany"]
[Date "2010.02.06"]
[Round "8.3"]
[White "Fressinet"]
[Black "Casper"]
[Result "1/2-1/2"]
[ECO "E94"]
[WhiteElo "2658"]
[BlackElo "2395"]
[Annotator "Robot 4"]
[PlyCount "195"]
[EventDate "2010.??.??"]
[WhiteTeam "WBR"]
[BlackTeam "ERF"]
[TimeControl "40/6000+30:20/3000+30:900+30"]

1. d4 Nf6 2. Nf3 d6 3. c4 Nbd7 4. Nc3 e5 5. e4 g6 6. Be2 Bg7 7. O-O O-O 8. Be3
Ng4 9. Bg5 f6 10. Bc1 Nh6 11. Rb1 Nf7 12. b4 f5 13. Bb2 Nf6 14. exf5 Bxf5 15.
dxe5 dxe5 16. Qxd8 Rfxd8 17. Rbd1 Bc2 18. Rc1 Bd3 19. Bxd3 Rxd3 20. Rfe1 Re8
21. Na4 Nh5 22. Nc5 Rdd8 23. Rcd1 Rxd1 24. Rxd1 Nd6 25. Nd2 e4 26. Bxg7 Kxg7
27. Nf1 Nf6 28. Ne3 Kf7 29. g4 h6 30. Nb3 b6 31. Nd4 a6 32. Nb3 Rd8 33. c5 Nb7
34. Rc1 b5 35. c6 Nd6 36. Nc5 Ra8 37. h4 g5 38. hxg5 hxg5 39. Nb7 Nc8 40. Rc5
Ne7 41. Rxg5 Nxc6 42. Rc5 Nxb4 43. a3 Nd3 44. Rxc7+ Kg6 45. Nd6 Ne5 46. Rc5 Rd8
47. Rxe5 Rxd6 48. Kg2 Rd3 49. Re6 Kg5 50. Re5+ Kg6 51. a4 bxa4 52. Ra5 a3 53.
Rxa6 Kg5 54. Ra5+ Kg6 55. Ra6 Kg5 56. Ra5+ Kg6 57. g5 Nh5 58. Kh3 Rd2 59. Kh4
Ng7 60. Ra6+ Kf7 61. g6+ Ke7 62. Kg5 a2 63. Ra7+ Ke6 64. Kh6 Ne8 65. Ra6+ Ke7
66. Ng4 e3 67. fxe3 Rg2 68. Ne5 Nd6 69. Kh7 Nf5 70. e4 Nd6 71. g7 Rh2+ 72. Kg8
Nxe4 73. Ng6+ Kd7 74. Nf8+ Ke7 75. Ra7+ Ke8 76. Ra8+ Ke7 77. Ng6+ Kd7 78. Ne5+
Ke7 79. Nc6+ Kd7 80. Nb4 Ke7 81. Nd5+ Kd7 82. Ne3 Rf2 83. Kh7 Nf6+ 84. Kg6 Ng8
85. Nf5 Ke6 86. Re8+ Kd7 87. Ra8 Ke6 88. Ra6+ Ke5 89. Ra5+ Ke6 90. Nd4+ Ke7 91.
Nf5+ Ke6 92. Ra6+ Ke5 93. Ra5+ Ke6 94. Ne3 Ne7+ 95. Kg5 Re2 96. Kf4 Kf7 97. Ra7
a1=Q 98. Ke4 1/2-1/2

[Event "Bundesliga"]
[Site "Remagen/Germany"]
[Date "2010.02.06"]
[Round "8.1"]
[White "Tiviakov"]
[Black "Ivanchuk"]
[Result "1/2-1/2"]
[ECO "C86"]
[WhiteElo "2674"]
[BlackElo "2703"]
[Annotator "Robot 4"]
[PlyCount "72"]
[EventDate "2010.??.??"]
[WhiteTeam "EPP"]
[BlackTeam "REM"]
[TimeControl "40/6000+30:20/3000+30:900+30"]

1. e4 e5 2. Nf3 Nc6 3. Bb5 a6 4. Ba4 Nf6 5. Qe2 b5 6. Bb3 Be7 7. a4 b4 8. a5
O-O 9. O-O Rb8 10. d3 d6 11. Be3 Rb5 12. Ba4 Rxa5 13. Nbd2 Bd7 14. Bxc6 Rxa1
15. Rxa1 Bxc6 16. Rxa6 Qd7 17. Ra7 Ra8 18. Rxa8+ Bxa8 19. Nc4 Qa4 20. Qd1 Nd7
21. Bd2 c5 22. Be3 Qa2 23. Nfd2 f5 24. Qh5 g6 25. Qh3 d5 26. exf5 dxc4 27. f6
Nxf6 28. Qe6+ Kf8 29. Bh6+ Ke8 30. Bg5 Qa1+ 31. Nf1 Bxg2 32. Kxg2 Qa8+ 33. f3
Qd5 34. Qc8+ Qd8 35. Qe6 Qd5 36. Qc8+ Qd8 1/2-1/2

[Event "Bundesliga"]
[Site "Remagen/Germany"]
[Date "2010.02.06"]
[Round "8.2"]
[White "Gharamian"]
[Black "Balogh"]
[Result "1-0"]
[ECO "C65"]
[WhiteElo "2615"]
[BlackElo "2595"]
[Annotator "Robot 4"]
[PlyCount "77"]
[EventDate "2010.??.??"]
[WhiteTeam "REM"]
[BlackTeam "EPP"]
[TimeControl "40/6000+30:20/3000+30:900+30"]

1. e4 e5 2. Nf3 Nc6 3. Bb5 Nf6 4. d3 Bc5 5. Bxc6 dxc6 6. h3 Nd7 7. O-O Qe7 8.
Be3 Bd6 9. Nbd2 c5 10. Nc4 O-O 11. Qd2 Nb8 12. a3 Nc6 13. b4 cxb4 14. Nxd6 cxd6
15. axb4 b5 16. c4 Qb7 17. c5 dxc5 18. Bxc5 Rd8 19. Qc3 f6 20. Rfd1 Be6 21. d4
exd4 22. Nxd4 Nxd4 23. Rxd4 Rd7 24. Rxd7 Qxd7 25. Ra6 Bf7 26. Rd6 Qc7 27. Qd4
Re8 28. f3 a6 29. Rxa6 Rd8 30. Bd6 Qc1+ 31. Kh2 h6 32. Qc5 Rc8 33. Qf5 Qc4 34.
Rb6 Be8 35. Rb7 Rd8 36. Rc7 Qb3 37. Be7 Rd2 38. Bxf6 gxf6 39. Qh7+ 1-0

[Event "Bundesliga"]
[Site "Remagen/Germany"]
[Date "2010.02.06"]
[Round "8.3"]
[White "Gyimesi"]
[Black "Goloshchapov"]
[Result "1/2-1/2"]
[ECO "D63"]
[WhiteElo "2591"]
[BlackElo "2580"]
[Annotator "Robot 4"]
[PlyCount "41"]
[EventDate "2010.??.??"]
[WhiteTeam "EPP"]
[BlackTeam "REM"]
[TimeControl "40/6000+30:20/3000+30:900+30"]

1. d4 d5 2. c4 e6 3. Nf3 Nf6 4. Bg5 Be7 5. Nc3 O-O 6. e3 Nbd7 7. Rc1 Re8 8. a3
a6 9. cxd5 exd5 10. Bd3 Nf8 11. O-O c6 12. h3 Ne4 13. Bxe4 dxe4 14. Bxe7 Qxe7
15. Nd2 Bf5 16. b4 Rad8 17. Ne2 Nd7 18. Rc3 Nf6 19. Nf4 Nd5 20. Nxd5 Rxd5 21.
Rc5 1/2-1/2

[Event "Bundesliga"]
[Site "Remagen/Germany"]
[Date "2010.02.06"]
[Round "8.6"]
[White "Dgebuadze"]
[Black "Bindrich"]
[Result "1/2-1/2"]
[ECO "C50"]
[WhiteElo "2559"]
[BlackElo "2516"]
[Annotator "Robot 4"]
[PlyCount "41"]
[EventDate "2010.??.??"]
[WhiteTeam "REM"]
[BlackTeam "EPP"]
[TimeControl "40/6000+30:20/3000+30:900+30"]

1. e4 e5 2. Nf3 Nc6 3. Bc4 Bc5 4. d3 Nf6 5. Bg5 h6 6. Bh4 Be7 7. Nbd2 O-O 8. c3
d6 9. Nf1 Be6 10. Bxf6 Bxf6 11. Ne3 Ne7 12. Bxe6 fxe6 13. Qb3 Qd7 14. O-O c6
15. Rad1 Ng6 16. d4 exd4 17. Nxd4 Rae8 18. Ne2 Bd8 19. Qa3 d5 20. Qxa7 Bc7 21.
Qa4 1/2-1/2

[Event "Bundesliga"]
[Site "Remagen/Germany"]
[Date "2010.02.06"]
[Round "8.5"]
[White "Acs"]
[Black "Degraeve"]
[Result "1/2-1/2"]
[ECO "B04"]
[WhiteElo "2550"]
[BlackElo "2559"]
[Annotator "Robot 4"]
[PlyCount "70"]
[EventDate "2010.??.??"]
[WhiteTeam "EPP"]
[BlackTeam "REM"]
[TimeControl "40/6000+30:20/3000+30:900+30"]

1. e4 Nf6 2. e5 Nd5 3. d4 d6 4. Nf3 dxe5 5. Nxe5 c6 6. Be2 Bf5 7. O-O Nd7 8.
Ng4 e6 9. c4 Bxg4 10. Bxg4 N5f6 11. Bf3 Bd6 12. c5 Bc7 13. b4 O-O 14. Nc3 a6
15. Rb1 Re8 16. Re1 Nd5 17. Rb3 Nxc3 18. Rxc3 h6 19. Be4 Nf6 20. Bb1 e5 21.
dxe5 Qxd1 22. Rxd1 Bxe5 23. Rcd3 Ne4 24. Be3 Nc3 25. Re1 Rad8 26. Kf1 Nxb1 27.
Rxd8 Rxd8 28. Rxb1 Rd3 29. a4 f5 30. Ke2 Rd5 31. f4 Bf6 32. b5 axb5 33. axb5
Be7 34. bxc6 bxc6 35. Rb6 Bxc5 1/2-1/2

[Event "Bundesliga"]
[Site "Remagen/Germany"]
[Date "2010.02.06"]
[Round "8.8"]
[White "Popovic"]
[Black "Guliyev"]
[Result "1-0"]
[ECO "C41"]
[WhiteElo "2496"]
[BlackElo "2555"]
[Annotator "Robot 4"]
[PlyCount "87"]
[EventDate "2010.??.??"]
[WhiteTeam "REM"]
[BlackTeam "EPP"]
[TimeControl "40/6000+30:20/3000+30:900+30"]

1. e4 e5 2. Nf3 Nf6 3. Nc3 d6 4. d4 Nbd7 5. Bc4 Be7 6. O-O O-O 7. Re1 c6 8. a4
b6 9. d5 cxd5 10. Bxd5 Nxd5 11. Nxd5 Bb7 12. b3 Bxd5 13. Qxd5 Nf6 14. Qd3 d5
15. Nxe5 dxe4 16. Qxd8 Bxd8 17. Ba3 Re8 18. Nc6 Bc7 19. Rad1 h6 20. g3 a6 21.
Be7 Be5 22. Bb4 Kh7 23. c4 Rac8 24. Nxe5 Rxe5 25. Rd6 b5 26. Bc3 Re7 27. Bxf6
gxf6 28. cxb5 axb5 29. a5 Kg6 30. Rb6 Re5 31. a6 Rc2 32. a7 Ra2 33. Rb7 Re6 34.
Re2 Ra3 35. Kg2 f5 36. Rc2 Rea6 37. Rcc7 f6 38. Rg7+ Kh5 39. Rxb5 R3a5 40. Rxa5
Rxa5 41. b4 Ra2 42. Kh3 Ra3 43. b5 f4 44. a8=Q 1-0

[Event "Bundesliga"]
[Site "Remagen/Germany"]
[Date "2010.02.06"]
[Round "8.7"]
[White "Medvegy"]
[Black "Teske"]
[Result "1/2-1/2"]
[ECO "E04"]
[WhiteElo "2547"]
[BlackElo "2536"]
[Annotator "Robot 4"]
[PlyCount "71"]
[EventDate "2010.??.??"]
[WhiteTeam "EPP"]
[BlackTeam "REM"]
[TimeControl "40/6000+30:20/3000+30:900+30"]

1. d4 d5 2. c4 e6 3. Nf3 Nf6 4. g3 dxc4 5. Bg2 c5 6. O-O Nc6 7. dxc5 Bd7 8.
Nbd2 Bxc5 9. Nxc4 O-O 10. Bg5 Rc8 11. Nd6 Rc7 12. Rc1 b6 13. Ne4 Be7 14. Nxf6+
Bxf6 15. Qd6 Rc8 16. Bxf6 gxf6 17. Rfd1 Nb8 18. Rxc8 Qxc8 19. Qd2 Kg7 20. Rc1
Qa6 21. b3 Rc8 22. Rxc8 Qxc8 23. h4 Bc6 24. Nh2 h5 25. Qf4 Bxg2 26. Kxg2 Qc6+
27. Nf3 Nd7 28. g4 hxg4 29. Qxg4+ Kh7 30. Qh5+ Kg7 31. Qg4+ Kh7 32. e4 Qc2 33.
Qh5+ Kg7 34. Qg4+ Kh7 35. Qh5+ Kg7 36. Qg4+ 1/2-1/2

[Event "Bundesliga"]
[Site "Muellheim/Germany"]
[Date "2010.02.06"]
[Round "8.1"]
[White "Mchedlishvili"]
[Black "Chuchelov"]
[Result "1/2-1/2"]
[ECO "E08"]
[WhiteElo "2613"]
[BlackElo "2598"]
[Annotator "Robot 4"]
[PlyCount "53"]
[EventDate "2010.??.??"]
[WhiteTeam "EMS"]
[BlackTeam "KAT"]
[TimeControl "40/6000+30:20/3000+30:900+30"]

1. d4 Nf6 2. c4 e6 3. g3 Bb4+ 4. Bd2 Be7 5. Bg2 d5 6. Nf3 O-O 7. O-O c6 8. Qc2
b6 9. Bf4 Bb7 10. Rd1 Nbd7 11. Nc3 Rc8 12. Ne5 Nh5 13. Bc1 Qc7 14. Nxd7 Qxd7
15. e4 Nf6 16. e5 Ne8 17. cxd5 cxd5 18. Bf1 f5 19. Bd3 Nc7 20. Qe2 Bc6 21. a3
a6 22. Qe3 Nb5 23. Ne2 Nc7 24. Bd2 Bb5 25. Rac1 Bxd3 26. Qxd3 Qb5 27. Qxb5
1/2-1/2

[Event "Bundesliga"]
[Site "Muellheim/Germany"]
[Date "2010.02.06"]
[Round "8.2"]
[White "Firman"]
[Black "Giri"]
[Result "1/2-1/2"]
[ECO "C42"]
[WhiteElo "2571"]
[BlackElo "2552"]
[Annotator "Robot 4"]
[PlyCount "116"]
[EventDate "2010.??.??"]
[WhiteTeam "KAT"]
[BlackTeam "EMS"]
[TimeControl "40/6000+30:20/3000+30:900+30"]

1. e4 e5 2. Nf3 Nf6 3. Nxe5 d6 4. Nf3 Nxe4 5. d4 d5 6. Bd3 Nc6 7. O-O Be7 8. c4
Nb4 9. Be2 O-O 10. Nc3 Bf5 11. a3 Nxc3 12. bxc3 Nc6 13. cxd5 Qxd5 14. Re1 Rfe8
15. Bf4 Rac8 16. h3 h6 17. Bf1 Bd6 18. c4 Rxe1 19. Qxe1 Qe4 20. Be3 b6 21. Rd1
Qe7 22. c5 bxc5 23. dxc5 Bxc5 24. Bxc5 Qxc5 25. Rc1 Qd6 26. Bc4 Bd7 27. Rd1 Re8
28. Qf1 Qe7 29. Bd5 Nb8 30. Rb1 a6 31. Rb7 Bb5 32. Qc1 Rc8 33. Qf4 Be8 34. Qc4
Qd6 35. Ra7 Kf8 36. Ra8 Rd8 37. Be4 Bb5 38. Qc3 Re8 39. Qc2 c5 40. Ra7 Re7 41.
Ra8 Re8 42. Ra7 c4 43. a4 Qc5 44. Rb7 Bc6 45. Bxc6 Qxc6 46. Rb4 c3 47. Rb3 Qxa4
48. Qxc3 Nd7 49. Rb1 Kg8 50. Nd4 a5 51. Ra1 Qb4 52. Qxb4 axb4 53. Rb1 Nc5 54.
Rxb4 Re1+ 55. Kh2 Nd3 56. Rb8+ Kh7 57. Kg3 Re4 58. Rd8 Nc5 1/2-1/2

[Event "Bundesliga"]
[Site "Muellheim/Germany"]
[Date "2010.02.06"]
[Round "8.4"]
[White "Bischoff"]
[Black "Feygin"]
[Result "1/2-1/2"]
[ECO "D30"]
[WhiteElo "2561"]
[BlackElo "2546"]
[Annotator "Robot 4"]
[PlyCount "126"]
[EventDate "2010.??.??"]
[WhiteTeam "KAT"]
[BlackTeam "EMS"]
[TimeControl "40/6000+30:20/3000+30:900+30"]

1. c4 e6 2. Nf3 Nf6 3. d4 c5 4. e3 d5 5. cxd5 exd5 6. Bb5+ Bd7 7. Be2 Nc6 8.
O-O c4 9. Ne5 Bb4 10. a3 Bd6 11. f4 Na5 12. Nc3 Nb3 13. Ra2 O-O 14. Bd2 Bc6 15.
Be1 Nd7 16. Nxc4 dxc4 17. d5 Nb6 18. dxc6 bxc6 19. Ne4 Be7 20. Qc2 Qd5 21. f5
Rfe8 22. a4 a5 23. Bg3 Bc5 24. Nxc5 Qxc5 25. Bf2 Rad8 26. Rd1 Rxd1+ 27. Qxd1
Qxf5 28. e4 Qxe4 29. Bf3 Qe6 30. Bxb6 c5 31. Bxa5 Qe3+ 32. Kh1 Nxa5 33. Ra1 Nb3
34. Rb1 Nd2 35. Ra1 Nb3 36. Rb1 g6 37. h3 Nd2 38. Ra1 Nb3 39. Rb1 Kg7 40. Qd5
Qf2 41. Qxc4 Re1+ 42. Rxe1 Qxe1+ 43. Kh2 Qe5+ 44. Kh1 Qxb2 45. Bd1 Nd4 46. Qxc5
Qd2 47. Bg4 Qe1+ 48. Kh2 Qe3 49. Kh1 Qe1+ 50. Kh2 Qe3 51. Kh1 h5 52. Be2 Kh7
53. Bf1 Qf2 54. Bd3 Qe1+ 55. Kh2 Nf3+ 56. gxf3 Qd2+ 57. Kg3 h4+ 58. Kg4 Qxd3
59. Qg5 Qd7+ 60. Kxh4 Qd4+ 61. f4 f6 62. Qg4 f5 63. Qf3 Kh6 1/2-1/2

[Event "Bundesliga"]
[Site "Muellheim/Germany"]
[Date "2010.02.06"]
[Round "8.5"]
[White "Cramling"]
[Black "Glek"]
[Result "1/2-1/2"]
[ECO "E61"]
[WhiteElo "2535"]
[BlackElo "2537"]
[Annotator "Robot 4"]
[PlyCount "59"]
[EventDate "2010.??.??"]
[WhiteTeam "EMS"]
[BlackTeam "KAT"]
[TimeControl "40/6000+30:20/3000+30:900+30"]

1. d4 d6 2. Nf3 Nf6 3. c4 g6 4. Nc3 Bf5 5. Bg5 Bg7 6. e3 Ne4 7. Nxe4 Bxe4 8.
Be2 c5 9. O-O h6 10. Bh4 cxd4 11. Nxd4 Nc6 12. f3 Nxd4 13. exd4 Bf5 14. Qd2 O-O
15. Rfe1 Re8 16. Bf1 a5 17. b3 Qc7 18. Rad1 e5 19. dxe5 dxe5 20. Qd6 Qxd6 21.
Rxd6 Bf8 22. Rd5 e4 23. Bf2 Bb4 24. Re2 exf3 25. Rxe8+ Rxe8 26. gxf3 Be6 27.
Rd3 Bf5 28. Rd5 Be6 29. Rd3 Bf5 30. Rd5 1/2-1/2

[Event "Bundesliga"]
[Site "Muellheim/Germany"]
[Date "2010.02.06"]
[Round "8.6"]
[White "Ris"]
[Black "Bellon Lopez"]
[Result "1/2-1/2"]
[ECO "E01"]
[WhiteElo "2420"]
[BlackElo "2430"]
[Annotator "Robot 4"]
[PlyCount "214"]
[EventDate "2010.??.??"]
[WhiteTeam "KAT"]
[BlackTeam "EMS"]
[TimeControl "40/6000+30:20/3000+30:900+30"]

1. d4 d5 2. c4 c6 3. Nf3 Nf6 4. g3 e6 5. Bg2 Nbd7 6. Nc3 a6 7. O-O b5 8. c5 g6
9. Bf4 Nh5 10. Bg5 Be7 11. Bxe7 Qxe7 12. e4 O-O 13. Re1 Qd8 14. Qd2 b4 15. Na4
a5 16. e5 Ng7 17. g4 f5 18. exf6 Qxf6 19. Nb6 Nxb6 20. cxb6 Qf4 21. Qxf4 Rxf4
22. Rac1 Bb7 23. Ne5 Rxd4 24. Nxc6 Rd2 25. Ne5 Ne8 26. Nf3 Rxb2 27. Rxe6 a4 28.
Re7 b3 29. Rxb7 bxa2 30. Nd2 Rxd2 31. Ra7 Rb8 32. Rxa4 Nf6 33. Rb4 Rc2 34. Ra1
g5 35. b7 Kf8 36. h4 h6 37. hxg5 hxg5 38. Rb6 Nd7 39. Rb4 Rd2 40. Kf1 Nc5 41.
Bxd5 Rxd5 42. Rxa2 Rxb7 43. Rxb7 Nxb7 44. f4 gxf4 45. Ra4 Kg7 46. Rxf4 Rd2 47.
Rf2 Rd3 48. Kg2 Nc5 49. Rf3 Rd2+ 50. Rf2 Rd4 51. Kf3 Kg6 52. Rc2 Rd3+ 53. Kf4
Rd5 54. Re2 Kf6 55. Re8 Rd4+ 56. Kg3 Ne4+ 57. Kf3 Ng5+ 58. Ke3 Rxg4 59. Rf8+
Ke5 60. Re8+ Ne6 61. Kd3 Kd5 62. Kc3 Rc4+ 63. Kd3 Ra4 64. Kc3 Ra3+ 65. Kd2 Nf4
66. Rd8+ Ke4 67. Re8+ Kd4 68. Rd8+ Nd5 69. Ke2 Re3+ 70. Kd2 Re5 71. Rh8 Rf5 72.
Rh4+ Kc5 73. Rh8 Rf4 74. Ke2 Kd4 75. Rd8 Rf7 76. Rd6 Re7+ 77. Kd2 Re8 78. Rh6
Nf4 79. Rd6+ Kc5 80. Rd7 Re2+ 81. Kc3 Re3+ 82. Kd2 Rh3 83. Rd8 Kc4 84. Rc8+ Kd4
85. Rd8+ Nd5 86. Ke2 Re3+ 87. Kd2 Re4 88. Ra8 Nb6 89. Rd8+ Kc4 90. Rb8 Na4 91.
Rd8 Nc5 92. Rc8 Re6 93. Rc7 Kd4 94. Rc8 Ne4+ 95. Kc2 Rd6 96. Rc7 Rd8 97. Kb3
Nc5+ 98. Kc2 Rh8 99. Kd2 Rh2+ 100. Ke1 Ne4 101. Rd7+ Ke3 102. Kd1 Nc5 103. Rd8
Ra2 104. Re8+ Ne4 105. Re7 Rd2+ 106. Kc1 Rd4 107. Kc2 Rc4+ 1/2-1/2

[Event "Bundesliga"]
[Site "Muellheim/Germany"]
[Date "2010.02.06"]
[Round "8.7"]
[White "Breder"]
[Black "Thesing"]
[Result "1/2-1/2"]
[ECO "B22"]
[WhiteElo "2427"]
[BlackElo "2419"]
[Annotator "Robot 4"]
[PlyCount "121"]
[EventDate "2010.??.??"]
[WhiteTeam "EMS"]
[BlackTeam "KAT"]
[TimeControl "40/6000+30:20/3000+30:900+30"]

1. e4 c5 2. Nf3 e6 3. c3 d5 4. exd5 exd5 5. d4 Bd6 6. dxc5 Bxc5 7. Bd3 Nf6 8.
Qe2+ Qe7 9. Qxe7+ Kxe7 10. O-O Re8 11. Bg5 h6 12. Re1+ Be6 13. Be3 Bxe3 14.
Rxe3 Nc6 15. Nbd2 Ng4 16. Re2 Kd6 17. Rd1 a6 18. Bc2 Nge5 19. Nxe5 Nxe5 20. f3
Bd7 21. Ree1 Bb5 22. Ne4+ Kc7 23. Rxd5 Nc4 24. a4 Bc6 25. Rd4 b5 26. axb5 axb5
27. b3 Na3 28. Rc1 Rad8 29. Rxd8 Rxd8 30. Nc5 Kb6 31. b4 Nxc2 32. Rxc2 Rd1+ 33.
Kf2 Bd5 34. Ke3 Kc6 35. Nd3 Rh1 36. h3 f6 37. Rc1 Rxc1 38. Nxc1 Bc4 39. Nd3 Kd5
40. Nf4+ Ke5 41. g3 Bf1 42. h4 g5 43. Nd3+ Kd5 44. Nf2 f5 45. Nd1 f4+ 46. gxf4
gxh4 47. Kf2 Bd3 48. Ne3+ Ke6 49. Kg2 Bf5 50. c4 bxc4 51. Nxc4 Bd3 52. Ne3 Be2
53. f5+ Ke5 54. f4+ Kxf4 55. f6 Bh5 56. b5 Ke5 57. Kh3 Kxf6 58. Nd5+ Kg5 59. b6
Bg4+ 60. Kh2 Bc8 61. Ne3 1/2-1/2

[Event "Bundesliga"]
[Site "Muellheim/Germany"]
[Date "2010.02.06"]
[Round "8.8"]
[White "Scholz"]
[Black "Zumsande"]
[Result "1/2-1/2"]
[ECO "D15"]
[WhiteElo "2373"]
[BlackElo "2413"]
[Annotator "Robot 4"]
[PlyCount "96"]
[EventDate "2010.??.??"]
[WhiteTeam "KAT"]
[BlackTeam "EMS"]
[TimeControl "40/6000+30:20/3000+30:900+30"]

1. d4 d5 2. c4 c6 3. Nc3 Nf6 4. Nf3 a6 5. e3 b5 6. b3 Bg4 7. Be2 Nbd7 8. Ne5
Bxe2 9. Nxe2 e6 10. Nxd7 Qxd7 11. O-O Bd6 12. Bb2 O-O 13. Qd3 Rfe8 14. a4 Qb7
15. Bc3 Ne4 16. f3 Nxc3 17. Nxc3 b4 18. Ne2 c5 19. Rac1 Red8 20. Rfd1 Rac8 21.
cxd5 Qxd5 22. Rc4 Rc7 23. Qc2 Rcd7 24. h3 cxd4 25. Rcxd4 Qe5 26. Qd3 f5 27. Kf2
g5 28. f4 gxf4 29. exf4 Qf6 30. Kf1 Kf7 31. Qxa6 Ke7 32. Qb6 e5 33. Rd5 exf4
34. Nd4 Be5 35. Nc6+ Ke8 36. Rxd7 Rxd7 37. Rxd7 Kxd7 38. Qb7+ Bc7 39. Nb8+ Kd8
40. Nc6+ Kd7 41. Nb8+ Kd8 42. Qd5+ Kc8 43. Nc6 Qa1+ 44. Ke2 Qb2+ 45. Kd1 Qb1+
46. Kd2 Qb2+ 47. Kd1 Qb1+ 48. Kd2 Qb2+ 1/2-1/2

[Event "Bundesliga"]
[Site "Muenchen/Germany"]
[Date "2010.02.06"]
[Round "8.3"]
[White "Hansen"]
[Black "Schenk"]
[Result "1/2-1/2"]
[ECO "A07"]
[WhiteElo "2552"]
[BlackElo "2509"]
[Annotator "Robot 4"]
[PlyCount "45"]
[EventDate "2010.??.??"]
[WhiteTeam "HSK"]
[BlackTeam "BAY"]
[TimeControl "40/6000+30:20/3000+30:900+30"]

1. Nf3 d5 2. g3 Bg4 3. Bg2 Nd7 4. c4 e6 5. cxd5 exd5 6. Nc3 Ngf6 7. O-O Be7 8.
d3 O-O 9. Qc2 Re8 10. h3 Bxf3 11. Bxf3 c6 12. Bg2 Nc5 13. Bd2 a5 14. Rad1 Bf8
15. Bc1 d4 16. Ne4 Qe7 17. Nxf6+ Qxf6 18. e4 dxe3 19. Bxe3 Na6 20. a3 Qe6 21.
Bb6 Qe5 22. Qd2 a4 23. Be3 1/2-1/2

[Event "Bundesliga"]
[Site "Muenchen/Germany"]
[Date "2010.02.06"]
[Round "8.4"]
[White "Stangl"]
[Black "Rasmussen"]
[Result "0-1"]
[ECO "D27"]
[WhiteElo "2455"]
[BlackElo "2535"]
[Annotator "Robot 4"]
[PlyCount "204"]
[EventDate "2010.??.??"]
[WhiteTeam "BAY"]
[BlackTeam "HSK"]
[TimeControl "40/6000+30:20/3000+30:900+30"]

1. Nf3 d5 2. d4 Nf6 3. c4 dxc4 4. e3 e6 5. Bxc4 c5 6. O-O a6 7. dxc5 Bxc5 8.
Qxd8+ Kxd8 9. b3 Ke7 10. Bb2 b6 11. Nbd2 Bb7 12. Rac1 Nbd7 13. Be2 Rac8 14. Nc4
Bd5 15. Nce5 Nxe5 16. Nxe5 Bd6 17. f3 Bb7 18. Nc4 Bc5 19. b4 Bxb4 20. Nxb6 Rxc1
21. Rxc1 Rb8 22. Rc7+ Ke8 23. Bxf6 gxf6 24. Nd7 Bd6 25. Nxf6+ Kf8 26. Rd7 Be7
27. Nxh7+ Ke8 28. Rd2 Rc8 29. Rb2 Rc7 30. f4 f6 31. Bh5+ Kd8 32. Bg6 a5 33. a4
Rc1+ 34. Kf2 Bd5 35. e4 Bc6 36. g4 Bxa4 37. g5 fxg5 38. Rd2+ Kc7 39. Nxg5 Bb3
40. Bf7 Rc6 41. Be8 Bc5+ 42. Ke2 Rb6 43. f5 exf5 44. exf5 a4 45. Bxa4 Bxa4 46.
Ne6+ Kc6 47. Nxc5 Kxc5 48. Kf3 Rb4 49. Kg3 Be8 50. Rd8 Bh5 51. h3 Kc6 52. Rh8
Bf7 53. Rf8 Rb7 54. Kf4 Kd6 55. Kg5 Ke7 56. Ra8 Be8 57. Ra6 Rb3 58. Ra7+ Kf8
59. h4 Rg3+ 60. Kf6 Rb3 61. Kg5 Rb1 62. Rc7 Rd1 63. Ra7 Rd2 64. Rb7 Rd5 65. Kf6
Rd6+ 66. Ke5 Rh6 67. Rb4 Bd7 68. Rb7 Ke8 69. f6 Rh5+ 70. Kd6 Bh3 71. Rg7 Rxh4
72. Ke5 Kf8 73. Rg3 Rh5+ 74. Kf4 Kf7 75. Rg5 Rh8 76. Rg1 Be6 77. Ke5 Rh5+ 78.
Kd4 Kxf6 79. Re1 Rd5+ 80. Kc3 Ke7 81. Re4 Rh5 82. Rd4 Bd5 83. Rg4 Kd6 84. Kd4
Be6 85. Rf4 Ra5 86. Re4 Bf5 87. Rf4 Rd5+ 88. Kc4 Bd3+ 89. Kc3 Ke5 90. Rf8 Bg6
91. Rg8 Rd6 92. Rg7 Rc6+ 93. Kb4 Be4 94. Kb5 Kd4 95. Rg1 Rh6 96. Rg4 Rh7 97.
Ka6 Re7 98. Rh4 Kc5 99. Rh3 Bd5 100. Rh5 Rd7 101. Rg5 Rh7 102. Rf5 Rh8 0-1

[Event "Bundesliga"]
[Site "Muenchen/Germany"]
[Date "2010.02.06"]
[Round "8.2"]
[White "Bromberger"]
[Black "Baramidze"]
[Result "0-1"]
[ECO "D58"]
[WhiteElo "2518"]
[BlackElo "2532"]
[Annotator "Robot 4"]
[PlyCount "56"]
[EventDate "2010.??.??"]
[WhiteTeam "BAY"]
[BlackTeam "HSK"]
[TimeControl "40/6000+30:20/3000+30:900+30"]

1. d4 d5 2. c4 e6 3. Nf3 Nf6 4. Nc3 Be7 5. Bg5 h6 6. Bh4 O-O 7. e3 b6 8. Be2
Nbd7 9. O-O Bb7 10. cxd5 exd5 11. Qa4 a6 12. Rfd1 c5 13. Qc2 Ne4 14. Bxe7 Qxe7
15. dxc5 Nxc3 16. Qxc3 bxc5 17. Rac1 d4 18. Qd2 Rae8 19. b4 dxe3 20. fxe3 Rd8
21. bxc5 Nxc5 22. Qc3 Ne4 23. Qb3 Rxd1+ 24. Bxd1 Rd8 25. Nd4 Ng5 26. Nc6 Bxc6
27. Rxc6 Qd7 28. Rc1 Qd2 0-1

[Event "Bundesliga"]
[Site "Muenchen/Germany"]
[Date "2010.02.06"]
[Round "8.5"]
[White "Ftacnik"]
[Black "Renner"]
[Result "1-0"]
[ECO "A81"]
[WhiteElo "2532"]
[BlackElo "2440"]
[Annotator "Robot 4"]
[PlyCount "68"]
[EventDate "2010.??.??"]
[WhiteTeam "HSK"]
[BlackTeam "BAY"]
[TimeControl "40/6000+30:20/3000+30:900+30"]

1. d4 f5 2. Nf3 Nf6 3. g3 g6 4. Bg2 Bg7 5. O-O O-O 6. b4 Nc6 7. b5 Na5 8. Nbd2
d5 9. Ne5 a6 10. a4 Be6 11. Ba3 Nd7 12. f4 Qe8 13. Qb1 Nb6 14. Bc5 axb5 15.
axb5 Bxe5 16. dxe5 Nbc4 17. Nf3 b6 18. Bf2 Bd7 19. Qb4 e6 20. Nd4 Nb7 21. Rxa8
Qxa8 22. Qe7 Rf7 23. Qg5 Nd2 24. Rd1 Nc5 25. Rxd2 Qa1+ 26. Bf1 Ne4 27. Nb3 Qb1
28. Qd8+ Kg7 29. Rd3 Qxc2 30. Nd4 Qc1 31. Be3 Qc4 32. Ra3 Qb4 33. Rb3 Qe1 34.
Qxc7 Nxg3 1-0